Dallas Stars vs St.Louis Blues

Created - Tuesday, February 10, 2026 at 07:34

Goals
1 2 3 OT1 SO T
Dallas Stars 2 0 2 0 2 4
St.Louis Blues 2 0 2 0 3 5
Shots
1 2 3 OT1 SO T
Dallas Stars 8 10 12 0 8 30
St.Louis Blues 15 14 16 0 8 45

1st period

1. St.Louis Blues , Brandon Hagel 4 (Vincent Trocheck 5) at 12:21
2. Dallas Stars , Jordan Martinook 8 (Arber Xhekaj 3, Cam York 7) at 16:31
3. Dallas Stars , Josh Anderson 10 (Elias Lindholm 15, Brendan Gallagher 10) at 19:18
4. St.Louis Blues , Jake Guentzel 2 (Brayden Point 5) at 19:38

Penalties :
Jonas Siegenthaler (DAL) for Interference (Minor) at 0:39, Jonas Siegenthaler (DAL) for Diving (Minor) at 5:21

2nd period

No Goal

Penalties :
Trevor van Riemsdyk (DAL) for Tripping (Minor) at 19:07

3rd period

5. Dallas Stars , Josh Anderson 11 (Elias Lindholm 16, Brendan Gallagher 11) at 17:44
6. Dallas Stars , Elias Lindholm 13 (Brendan Gallagher 12) at 19:10 (Empty Net)
7. St.Louis Blues , Vincent Trocheck 7 (Colton Parayko 5, Brandon Hagel 6) at 19:22
8. St.Louis Blues , Nikita Kucherov 11 (Brayden Point 6, Jack Eichel 12) at 19:48

Penalties :
Dougie Hamilton (DAL) for Interference (Minor) at 11:44

Overtime #1

No Goal

Penalties :
No Penalty

Shootout

Dallas Stars, Elias Lindholm - Stopped by Connor Hellebuyck
St.Louis Blues, Alex Tuch - Shot Misses the Net
Dallas Stars, Josh Anderson - Stopped by Connor Hellebuyck
St.Louis Blues, Brayden Point - Stopped by Ukko-Pekka Luukkonen
Dallas Stars, Brendan Gallagher - Stopped by Connor Hellebuyck
St.Louis Blues, Jake Guentzel - Shot Misses the Net
Dallas Stars, Jordan Martinook - Stopped by Connor Hellebuyck
St.Louis Blues, Jack Eichel - Stopped by Ukko-Pekka Luukkonen
Dallas Stars, Alex Iafallo - Stopped by Connor Hellebuyck
St.Louis Blues, Nikita Kucherov - Stopped by Ukko-Pekka Luukkonen
Dallas Stars, Dougie Hamilton - Goal!
St.Louis Blues, Vincent Trocheck - Goal!
Dallas Stars, Philip Tomasino - Goal!
St.Louis Blues, Mikhail Sergachev - Goal!
Dallas Stars, Jakob Chychrun - Stopped by Connor Hellebuyck
St.Louis Blues, Robert Thomas - Goal!

Penalties :
No Penalty

Goalie Stats

Ukko-Pekka Luukkonen (DAL), 41 saves from 45 shots - (0.911), OTL, 5-5-2, 65:00 minutes
Connor Hellebuyck (STL), 26 saves from 29 shots - (0.897), W, 8-5-0, 64:03 minutes

Players Stats for Dallas Stars

Player Name              G  A  P  +/- PIM S  H  SB GA TA FO     MP     PP MP  PK MP  
------------------------------------------------------------------------------------
Alex Iafallo             0  0  0  -2  0   3  0  1  0  0  1/1    15:01   0:00   0:00 
Arber Xhekaj             0  1  1   2  0   1  3  2  0  1  0/0    19:37   0:00   4:18 
Brendan Gallagher        0  3  3   2  0   3  0  0  2  0  0/2    20:46   0:00   4:01 
Cam York                 0  1  1   2  0   1  0  2  0  0  0/0    14:26   0:00   0:00 
Dougie Hamilton          0  0  0  -3  2   0  1  0  1  2  0/0    27:37   0:00   2:50 
Elias Lindholm           1  2  3   2  0   4  0  1  1  0  15/24  21:09   0:00   3:52 
Filip Chytil             0  0  0  -2  0   5  0  1  1  1  6/15   13:58   0:00   0:00 
Jack Drury               0  0  0   0  0   1  2  0  0  0  1/3     8:28   0:00   0:03 
Jakob Chychrun           0  0  0   1  0   0  1  0  1  0  0/0    22:16   0:00   3:56 
Joel Kiviranta           0  0  0   0  0   0  2  1  0  0  1/1     9:17   0:00   0:00 
Jonas Siegenthaler       0  0  0   1  4   0  1  0  0  0  0/0    19:30   0:00   1:48 
Jonatan Berggren         0  0  0   0  0   1  0  0  0  0  3/16   14:21   0:00   0:00 
Jordan Greenway          0  0  0  -2  0   0  3  0  0  2  0/2    14:45   0:00   0:03 
Jordan Martinook         1  0  1   0  0   3  1  0  0  1  0/1    20:08   0:00   4:01 
Josh Anderson            2  0  2   2  0   6  2  0  0  0  1/1    21:04   0:00   3:52 
Luke Kunin               0  0  0   0  0   0  0  0  0  1  0/0    14:21   0:00   0:00 
Philip Tomasino          0  0  0   0  0   0  0  1  0  0  0/0     8:19   0:00   0:00 
Trevor van Riemsdyk      0  0  0  -3  2   2  2  1  0  0  0/0    26:57   0:00   3:00 

Players Stats for St.Louis Blues

Player Name              G  A  P  +/- PIM S  H  SB GA TA FO     MP     PP MP  PK MP  
------------------------------------------------------------------------------------
Adam Pelech              0  0  0   0  0   0  0  0  0  0  0/0     0:50   0:00   0:00 
Alex Tuch                0  0  0   0  0   4  3  0  0  0  0/0    18:38   4:08   0:00 
Artem Zub                0  0  0   0  0   0  4  1  0  1  0/0    15:49   0:00   0:00 
Brandon Hagel            1  1  2   0  0   3  1  1  0  1  0/0    17:11   4:06   0:00 
Brandon Tanev            0  0  0   0  0   0  0  0  0  0  0/0     7:15   0:06   0:00 
Brayden Point            0  2  2   0  0   4  2  0  2  0  6/7    20:31   3:54   0:00 
Colton Parayko           0  1  1   1  0   3  3  0  0  1  0/0    23:06   0:00   0:00 
Isac Lundestrom          0  0  0   0  0   0  3  0  1  0  0/0    11:04   4:06   0:00 
Jaccob Slavin            0  0  0  -2  0   1  2  0  0  0  0/0    22:31   0:00   0:00 
Jack Eichel              0  1  1   0  0   2  0  3  0  0  4/5    24:00   3:44   0:00 
Jake Guentzel            1  0  1   0  0   4  1  0  1  0  0/4    18:38   3:44   0:00 
Jake Sanderson           0  0  0   3  0   1  1  1  1  0  0/0    30:43   3:54   0:00 
Logan O'Connor           0  0  0   0  0   0  1  0  1  0  0/0     6:55   0:00   0:00 
Mark Stone               0  0  0   0  0   3  1  1  0  0  1/2    14:28   0:06   0:00 
Mikhail Sergachev        0  0  0  -2  0   2  0  1  1  0  0/0    25:43   4:02   0:00 
Nikita Kucherov          1  0  1   0  0   9  1  0  0  1  1/2    24:00   3:44   0:00 
Robert Thomas            0  0  0   0  0   4  1  0  0  1  17/30  19:44   0:00   0:00 
Vincent Trocheck         1  1  2   0  0   5  3  0  1  1  9/16   18:54   4:06   0:00 

3 Stars

1 - Josh Anderson (DAL)
2 - Elias Lindholm (DAL)
3 - Vincent Trocheck (STL)

Power Play

Dallas Stars - 0 on 0 Attempt(s) - 0.00%
St.Louis Blues - 0 on 4 Attempt(s) - 0.00%

Penalty Kill

Dallas Stars - 4 on 4 Attempt(s) - 100.00% - Score 0 goal in Penalty Kill
St.Louis Blues - 0 on 0 Attempt(s) - 0.00% - Score 0 goal in Penalty Kill

Team Stat

Dallas Stars - Hits : 18 - Faceoff Wins : 28 - Blocked Shots : 10 - Penalty Minutes : 8
St.Louis Blues - Hits : 27 - Faceoff Wins : 38 - Blocked Shots : 8 - Penalty Minutes : 0

Official

Referees : Brandon Blandina and Conor O'Donnell
Linesman : Mitchell Hunt and Jonathan Deschamps

Game Notes

Adam Pelech is injured at 7:51 of 1st period (Bruised Left Foot)
Elias Lindholm has scored in a empty net!

Finance

Level 1 -- Attendance: 5875 (97.92%) -- Ticket Income $558,125
Level 2 -- Attendance: 4112 (82.24%) -- Ticket Income $234,384
Level 3 -- Attendance: 3000 (100.00%) -- Ticket Income $99,000
Level 4 -- Attendance: 4348 (86.96%) -- Ticket Income $100,004
Luxury Box -- Attendance: 780 (78.00%) -- Ticket Income $151,320
Game was played at the Scottrade Center.
Total Attendance: 18115 (90.58%)
Total Ticket Income: $1,142,833
Other Income: $399,992
Total Income: $1,542,825

Dallas Stars

5 vs 5 Forward 
   Center                   Left Wing                Right Wing               Time % Phy DF OF 
 1 Elias Lindholm           Josh Anderson            Brendan Gallagher        30     1   2  2  
 2 Jonatan Berggren         Jordan Martinook         Luke Kunin               30     1   2  2  
 3 Filip Chytil             Alex Iafallo             Jordan Greenway          25     1   2  2  
 4 Jack Drury               Joel Kiviranta           Philip Tomasino          15     1   2  2  

5 vs 5 Defense 
   Defense                  Defense                                           Time % Phy DF OF 
 1 Dougie Hamilton          Trevor van Riemsdyk                               30     1   2  2  
 2 Jakob Chychrun           Jonas Siegenthaler                                30     1   2  2  
 3 Cam York                 Arber Xhekaj                                      25     1   2  2  
 4 Dougie Hamilton          Trevor van Riemsdyk                               15     1   2  2  

PowerPlay Forward 
   Center                   Left Wing                Right Wing               Time % Phy DF OF 
 1 Elias Lindholm           Josh Anderson            Brendan Gallagher        50     1   2  2  
 2 Alex Iafallo             Jordan Martinook         Luke Kunin               50     1   2  2  

PowerPlay Defense
   Defense                  Defense                                           Time % Phy DF OF 
 1 Dougie Hamilton          Trevor van Riemsdyk                               50     1   2  2  
 2 Jakob Chychrun           Jonas Siegenthaler                                50     1   2  2  

Penalty Kill 4 Players Forward 
   Center                   Wing                     Time % Phy DF OF 
 1 Elias Lindholm           Josh Anderson            50     1   2  2  
 2 Brendan Gallagher        Jordan Martinook         50     1   2  2  

Penalty Kill 4 Players Defense
   Defense                  Defense                  Time % Phy DF OF 
 1 Dougie Hamilton          Trevor van Riemsdyk      50     1   2  2  
 2 Jakob Chychrun           Jonas Siegenthaler       50     1   2  2  

Penalty Kill - 3 Players Forward 
   Forward                                           Time % Phy DF OF 
 1 Elias Lindholm                                    50     1   2  2  
 2 Josh Anderson                                     50     1   2  2  

Penalty Kill - 3 Players Defense
   Defense                  Defense                  Time % Phy DF OF 
 1 Dougie Hamilton          Trevor van Riemsdyk      50     1   2  2  
 2 Jakob Chychrun           Jonas Siegenthaler       50     1   2  2  

4 vs 4 Forward 
   Center                   Wing                     Time % Phy DF OF 
 1 Elias Lindholm           Josh Anderson            50     1   2  2  
 2 Brendan Gallagher        Jordan Martinook         50     1   2  2  

4 vs 4 Defense
   Defense                  Defense                  Time % Phy DF OF 
 1 Dougie Hamilton          Trevor van Riemsdyk      50     1   2  2  
 2 Jakob Chychrun           Jonas Siegenthaler       50     1   2  2  

Last Minutes Offensive
   Center                   Left Wing                Right Wing               Defense                  Defense                  
   Elias Lindholm           Josh Anderson            Brendan Gallagher        Dougie Hamilton          Trevor van Riemsdyk      

Last Minutes Defensive
   Center                   Left Wing                Right Wing               Defense                  Defense                  
   Elias Lindholm           Josh Anderson            Brendan Gallagher        Dougie Hamilton          Trevor van Riemsdyk      

Goaltenders
Starting : Ukko-Pekka Luukkonen     
Backup : Alex Lyon                

Extra Forwards
Normal : Alex Iafallo, Joel Kiviranta, Josh Anderson - PP : Alex Iafallo, Joel Kiviranta - PK : Elias Lindholm
Extra Defensemen
Normal : Cam York, Arber Xhekaj, Jakob Chychrun - PP : Cam York - PK : Arber Xhekaj, Jakob Chychrun
Penalty Shots
Elias Lindholm, Josh Anderson, Brendan Gallagher, Jordan Martinook, Alex Iafallo

Scratches
Ty Smith (Healthy), Nils Lundkvist (Healthy), Trent Frederic (Healthy), Marc-Andre Fleury (Healthy), Semyon Varlamov (Healthy)

St.Louis Blues

5 vs 5 Forward 
   Center                   Left Wing                Right Wing               Time % Phy DF OF 
 1 Robert Thomas            Jack Eichel              Nikita Kucherov          40     0   2  3  
 2 Brayden Point            Jake Guentzel            Mark Stone               30     0   2  3  
 3 Vincent Trocheck         Brandon Hagel            Alex Tuch                25     1   2  2  
 4 Isac Lundestrom          Brandon Tanev            Logan O'Connor           5      1   3  1  

5 vs 5 Defense 
   Defense                  Defense                                           Time % Phy DF OF 
 1 Jake Sanderson           Colton Parayko                                    45     0   3  2  
 2 Mikhail Sergachev        Jaccob Slavin                                     35     0   3  2  
 3 Artem Zub                Adam Pelech                                       20     1   2  2  
 4 Jake Sanderson           Colton Parayko                                    0      0   3  2  

PowerPlay Forward 
   Center                   Left Wing                Right Wing               Time % Phy DF OF 
 1 Jake Guentzel            Jack Eichel              Nikita Kucherov          60     0   0  5  
 2 Vincent Trocheck         Brandon Hagel            Isac Lundestrom          40     0   0  5  

PowerPlay Defense
   Defense                  Defense                                           Time % Phy DF OF 
 1 Brayden Point            Jake Sanderson                                    60     0   0  5  
 2 Alex Tuch                Mikhail Sergachev                                 40     0   0  5  

Penalty Kill 4 Players Forward 
   Center                   Wing                     Time % Phy DF OF 
 1 Vincent Trocheck         Brandon Tanev            50     0   5  0  
 2 Isac Lundestrom          Logan O'Connor           50     0   5  0  

Penalty Kill 4 Players Defense
   Defense                  Defense                  Time % Phy DF OF 
 1 Colton Parayko           Jake Sanderson           50     1   4  0  
 2 Jaccob Slavin            Artem Zub                50     1   4  0  

Penalty Kill - 3 Players Forward 
   Forward                                           Time % Phy DF OF 
 1 Vincent Trocheck                                  50     0   5  0  
 2 Isac Lundestrom                                   50     0   5  0  

Penalty Kill - 3 Players Defense
   Defense                  Defense                  Time % Phy DF OF 
 1 Colton Parayko           Mikhail Sergachev        50     0   5  0  
 2 Jaccob Slavin            Artem Zub                50     0   5  0  

4 vs 4 Forward 
   Center                   Wing                     Time % Phy DF OF 
 1 Jack Eichel              Nikita Kucherov          50     0   2  3  
 2 Vincent Trocheck         Brayden Point            50     0   2  3  

4 vs 4 Defense
   Defense                  Defense                  Time % Phy DF OF 
 1 Jake Sanderson           Jaccob Slavin            50     0   3  2  
 2 Mikhail Sergachev        Colton Parayko           50     0   3  2  

Last Minutes Offensive
   Center                   Left Wing                Right Wing               Defense                  Defense                  
   Robert Thomas            Jack Eichel              Nikita Kucherov          Brayden Point            Jake Sanderson           

Last Minutes Defensive
   Center                   Left Wing                Right Wing               Defense                  Defense                  
   Vincent Trocheck         Isac Lundestrom          Brandon Tanev            Jaccob Slavin            Colton Parayko           

Goaltenders
Starting : Connor Hellebuyck        
Backup : Will Cranley             

Extra Forwards
Normal : Jake Guentzel, Alex Tuch, Mark Stone - PP : Nikita Kucherov, Mark Stone - PK : Nikita Kucherov
Extra Defensemen
Normal : Mikhail Sergachev, Jaccob Slavin, Artem Zub - PP : Colton Parayko - PK : Artem Zub, Mikhail Sergachev
Penalty Shots
Alex Tuch, Brayden Point, Jake Guentzel, Jack Eichel, Nikita Kucherov

Scratches
Matthew Seminoff (Healthy), Connor Clifton (Healthy), Joona Koppanen (Healthy), Scott Wedgewood (Left Hand Injury)

% Time on Ice - Dallas Stars

Lines # - Real PCT - Wanted PCT - Time Play
Normal Forward
1 - 29% - 30% - 14:39
2 - 28% - 30% - 14:23
3 - 27% - 25% - 13:58
4 - 16% - 15% - 8:19
Normal Defense
1 - 30% - 30% - 15:24
2 - 31% - 30% - 16:05
3 - 25% - 25% - 12:56
4 - 13% - 15% - 6:54
PP Forward
1 - 0% - 50%
2 - 0% - 50%
PP Defense
1 - 0% - 50%
2 - 0% - 50%
PK Forward
1 - 49% - 50% - 3:55
2 - 51% - 50% - 4:01
PK Defense
1 - 50% - 50% - 4:00
2 - 50% - 50% - 3:56
PK3 Forward
1 - 0% - 50%
2 - 0% - 50%
PK3 Defense
1 - 0% - 50%
2 - 0% - 50%
44 Forward
1 - 51% - 50% - 2:33
2 - 49% - 50% - 2:27
44 Defense
1 - 44% - 50% - 2:13
2 - 56% - 50% - 2:47
Last Minute Offensive  - 0:00
Last Minute Defensive  - 0:45
Total
Forward - 65:00
Defense - 65:00

% Time on Ice - St.Louis Blues

Lines # - Real PCT - Wanted PCT - Time Play
Normal Forward
1 - 34% - 40% - 17:37
2 - 28% - 30% - 14:16
3 - 25% - 25% - 12:39
4 - 13% - 5% - 6:44
Normal Defense
1 - 39% - 45% - 20:01
2 - 29% - 35% - 14:39
3 - 32% - 20% - 16:36
4 - 0% - 0% - 0:00
PP Forward
1 - 48% - 60% - 3:50
2 - 52% - 40% - 4:06
PP Defense
1 - 49% - 60% - 3:54
2 - 51% - 40% - 4:02
PK Forward
1 - 0% - 50%
2 - 0% - 50%
PK Defense
1 - 0% - 50%
2 - 0% - 50%
PK3 Forward
1 - 0% - 50%
2 - 0% - 50%
PK3 Defense
1 - 0% - 50%
2 - 0% - 50%
44 Forward
1 - 50% - 50% - 2:29
2 - 50% - 50% - 2:31
44 Defense
1 - 51% - 50% - 2:32
2 - 49% - 50% - 2:28
Last Minute Offensive  - 0:48
Last Minute Defensive  - 0:00
Total
Forward - 65:00
Defense - 65:00

Play-by-Play

1st period


0:01 of 1st period - Josh Anderson wins face-off versus Robert Thomas in neutral zone.
0:06 of 1st period - Snap shot by Elias Lindholm.
0:06 of 1st period - Shot Hit the Post.
0:11 of 1st period - Off-side.
0:12 of 1st period - Jonatan Berggren wins face-off versus Brayden Point in neutral zone.
0:39 of 1st period - Minor Penalty to Jonas Siegenthaler for Interference.
0:40 of 1st period - Elias Lindholm wins face-off versus Jake Guentzel in Dallas Stars zone.
2:39 of 1st period - Penalty to Jonas Siegenthaler is over, Jonas Siegenthaler is back on ice.
2:51 of 1st period - Slapshot by Alex Iafallo.
2:51 of 1st period - Stopped by Connor Hellebuyck without a rebound.
2:52 of 1st period - Filip Chytil wins face-off versus Robert Thomas in St.Louis Blues zone.
3:01 of 1st period - Jordan Greenway is hit by Artem Zub and loses puck.
3:23 of 1st period - Wrist shot by Alex Tuch.
3:23 of 1st period - Stopped by Ukko-Pekka Luukkonen without a rebound.
3:24 of 1st period - Vincent Trocheck wins face-off versus Jack Drury in Dallas Stars zone.
3:25 of 1st period - Wrist shot by Brandon Hagel.
3:25 of 1st period - Stopped by Ukko-Pekka Luukkonen without a rebound.
3:26 of 1st period - Vincent Trocheck wins face-off versus Elias Lindholm in Dallas Stars zone.
3:59 of 1st period - Wrist shot by Jordan Martinook.
3:59 of 1st period - Stopped by Connor Hellebuyck with a rebound.
4:17 of 1st period - Wrist shot by Vincent Trocheck.
4:17 of 1st period - Stopped by Ukko-Pekka Luukkonen without a rebound.
4:18 of 1st period - Elias Lindholm wins face-off versus Nikita Kucherov in Dallas Stars zone.
4:23 of 1st period - Snap shot by Brendan Gallagher.
4:23 of 1st period - Shot Misses the Net.
5:21 of 1st period - Minor Penalty to Jonas Siegenthaler for Diving.
5:22 of 1st period - Elias Lindholm wins face-off versus Jake Guentzel in Dallas Stars zone.
7:21 of 1st period - Penalty to Jonas Siegenthaler is over, Jonas Siegenthaler is back on ice.
7:24 of 1st period - Icing by Jake Guentzel.
7:25 of 1st period - Jack Eichel wins face-off versus Filip Chytil in St.Louis Blues zone.
7:50 of 1st period - Adam Pelech is hit by Jordan Greenway and loses puck.
7:51 of 1st period - Adam Pelech from St.Louis Blues is injured at 7:51 of 1st period (Bruised Left Foot).
7:52 of 1st period - Robert Thomas wins face-off versus Elias Lindholm in St.Louis Blues zone.
8:19 of 1st period - Jaccob Slavin is hit by Trevor van Riemsdyk and loses puck.
9:10 of 1st period - Jack Eichel is hit by Josh Anderson and loses puck.
9:32 of 1st period - Logan O'Connor is hit by Joel Kiviranta and loses puck.
9:45 of 1st period - Brandon Tanev is hit by Jordan Martinook.
10:15 of 1st period - Jakob Chychrun is hit by Jaccob Slavin and loses puck.
10:57 of 1st period - Snap shot by Brandon Hagel.
10:57 of 1st period - Deflect By Cam York.
10:57 of 1st period - Shot Blocked by Joel Kiviranta.
10:57 of 1st period - Puck is out of play.
10:58 of 1st period - Vincent Trocheck wins face-off versus Jonatan Berggren in Dallas Stars zone.
10:59 of 1st period - Wrist shot by Brandon Hagel.
10:59 of 1st period - Shot Blocked by Arber Xhekaj.
11:01 of 1st period - Wrist shot by Alex Tuch.
11:01 of 1st period - Deflect By Brandon Hagel.
11:01 of 1st period - Shot Hit the Post.
11:01 of 1st period - Puck is out of play.
11:02 of 1st period - Robert Thomas wins face-off versus Jonatan Berggren in Dallas Stars zone.
11:19 of 1st period - Wrist shot by Robert Thomas.
11:19 of 1st period - Shot Misses the Net.
11:29 of 1st period - Wrist shot by Jordan Martinook.
11:29 of 1st period - Shot Blocked by Mark Stone.
11:39 of 1st period - Snap shot by Brendan Gallagher.
11:39 of 1st period - Shot Misses the Net.
11:41 of 1st period - Wrist shot by Brendan Gallagher.
11:41 of 1st period - Shot Misses the Net.
11:53 of 1st period - Backhand shot by Philip Tomasino.
11:53 of 1st period - Shot Misses the Net.
12:21 of 1st period - Wrist shot by Brandon Hagel.
12:21 of 1st period - Goal by Brandon Hagel - Dallas Stars : 0 - St.Louis Blues : 1.
12:22 of 1st period - Elias Lindholm wins face-off versus Robert Thomas in neutral zone.
13:43 of 1st period - Wrist shot by Mark Stone.
13:43 of 1st period - Shot Blocked by Arber Xhekaj.
13:50 of 1st period - Icing by Arber Xhekaj.
13:51 of 1st period - Filip Chytil wins face-off versus Robert Thomas in Dallas Stars zone.
14:00 of 1st period - Wrist shot by Nikita Kucherov.
14:00 of 1st period - Deflect By Robert Thomas.
14:00 of 1st period - Stopped by Ukko-Pekka Luukkonen without a rebound.
14:01 of 1st period - Robert Thomas wins face-off versus Elias Lindholm in Dallas Stars zone.
15:23 of 1st period - Wrist shot by Alex Iafallo.
15:23 of 1st period - Deflect By Jordan Greenway.
15:23 of 1st period - Shot Misses the Net.
15:23 of 1st period - Puck is out of play.
15:24 of 1st period - Robert Thomas wins face-off versus Jonatan Berggren in St.Louis Blues zone.
15:35 of 1st period - Snap shot by Nikita Kucherov.
15:35 of 1st period - Shot Misses the Net.
15:41 of 1st period - Jakob Chychrun is hit by Colton Parayko and loses puck.
15:55 of 1st period - Icing by Cam York.
15:56 of 1st period - Vincent Trocheck wins face-off versus Jonatan Berggren in Dallas Stars zone.
16:07 of 1st period - Snap shot by Jordan Martinook.
16:07 of 1st period - Stopped by Connor Hellebuyck with a rebound.
16:29 of 1st period - Slapshot by Jordan Martinook.
16:29 of 1st period - Shot Blocked by Brandon Hagel.
16:31 of 1st period - Slapshot by Arber Xhekaj.
16:31 of 1st period - Deflect By Jordan Martinook.
16:31 of 1st period - Goal by Jordan Martinook - Dallas Stars : 1 - St.Louis Blues : 1.
16:32 of 1st period - Elias Lindholm wins face-off versus Jack Eichel in neutral zone.
16:37 of 1st period - Backhand shot by Robert Thomas.
16:37 of 1st period - Shot Misses the Net.
16:39 of 1st period - Wrist shot by Nikita Kucherov.
16:39 of 1st period - Stopped by Ukko-Pekka Luukkonen with a rebound.
17:21 of 1st period - Trevor van Riemsdyk is hit by Alex Tuch and loses puck.
17:26 of 1st period - Snap shot by Alex Tuch.
17:26 of 1st period - Stopped by Ukko-Pekka Luukkonen with a rebound.
17:28 of 1st period - Snap shot by Alex Tuch.
17:28 of 1st period - Stopped by Ukko-Pekka Luukkonen with a rebound.
17:30 of 1st period - Snap shot by Alex Tuch.
17:30 of 1st period - Stopped by Ukko-Pekka Luukkonen without a rebound.
17:31 of 1st period - Nikita Kucherov wins face-off versus Elias Lindholm in Dallas Stars zone.
17:36 of 1st period - Snap shot by Nikita Kucherov.
17:36 of 1st period - Stopped by Ukko-Pekka Luukkonen with a rebound.
17:58 of 1st period - Slapshot by Nikita Kucherov.
17:58 of 1st period - Stopped by Ukko-Pekka Luukkonen with a rebound.
18:02 of 1st period - Snap shot by Brayden Point.
18:02 of 1st period - Stopped by Ukko-Pekka Luukkonen without a rebound.
18:03 of 1st period - Brayden Point wins face-off versus Jonatan Berggren in Dallas Stars zone.
18:10 of 1st period - Snap shot by Brayden Point.
18:10 of 1st period - Deflect By Arber Xhekaj.
18:10 of 1st period - Shot Misses the Net.
18:10 of 1st period - Puck is out of play.
18:11 of 1st period - Robert Thomas wins face-off versus Jonatan Berggren in Dallas Stars zone.
18:22 of 1st period - Snap shot by Jordan Martinook.
18:22 of 1st period - Shot Misses the Net.
18:24 of 1st period - Snap shot by Luke Kunin.
18:24 of 1st period - Shot Blocked by Jack Eichel.
18:26 of 1st period - Slapshot by Jonatan Berggren.
18:26 of 1st period - Shot Misses the Net.
18:36 of 1st period - Snap shot by Elias Lindholm.
18:36 of 1st period - Stopped by Connor Hellebuyck with a rebound.
18:38 of 1st period - Slapshot by Elias Lindholm.
18:38 of 1st period - Deflect By Brendan Gallagher.
18:38 of 1st period - Stopped by Connor Hellebuyck without a rebound.
18:39 of 1st period - Brayden Point wins face-off versus Elias Lindholm in St.Louis Blues zone.
18:48 of 1st period - Wrist shot by Brayden Point.
18:48 of 1st period - Shot Blocked by Elias Lindholm.
18:54 of 1st period - Wrist shot by Brendan Gallagher.
18:54 of 1st period - Shot Misses the Net.
19:14 of 1st period - Snap shot by Josh Anderson.
19:14 of 1st period - Stopped by Connor Hellebuyck with a rebound.
19:16 of 1st period - Wrist shot by Elias Lindholm.
19:16 of 1st period - Shot Misses the Net.
19:18 of 1st period - Wrist shot by Josh Anderson.
19:18 of 1st period - Goal by Josh Anderson - Dallas Stars : 2 - St.Louis Blues : 1.
19:19 of 1st period - Robert Thomas wins face-off versus Filip Chytil in neutral zone.
19:34 of 1st period - Slapshot by Nikita Kucherov.
19:34 of 1st period - Stopped by Ukko-Pekka Luukkonen without a rebound.
19:35 of 1st period - Brayden Point wins face-off versus Jonatan Berggren in Dallas Stars zone.
19:36 of 1st period - Wrist shot by Jake Guentzel.
19:36 of 1st period - Stopped by Ukko-Pekka Luukkonen with a rebound.
19:38 of 1st period - Wrist shot by Jake Guentzel.
19:38 of 1st period - Goal by Jake Guentzel - Dallas Stars : 2 - St.Louis Blues : 2.
19:39 of 1st period - Alex Iafallo wins face-off versus Robert Thomas in neutral zone.
Goals for this period are 2 for Dallas Stars vs 2 for St.Louis Blues.
Shots for this period are 8 for Dallas Stars vs 15 for St.Louis Blues.

2nd period


0:01 of 2nd period - Jonatan Berggren wins face-off versus Robert Thomas in neutral zone.
0:04 of 2nd period - Slapshot by Jakob Chychrun.
0:04 of 2nd period - Shot Blocked by Jake Sanderson.
0:30 of 2nd period - Wrist shot by Jake Guentzel.
0:30 of 2nd period - Stopped by Ukko-Pekka Luukkonen with a rebound.
0:49 of 2nd period - Slapshot by Filip Chytil.
0:49 of 2nd period - Stopped by Connor Hellebuyck without a rebound.
0:50 of 2nd period - Filip Chytil wins face-off versus Vincent Trocheck in St.Louis Blues zone.
0:55 of 2nd period - Wrist shot by Filip Chytil.
0:55 of 2nd period - Stopped by Connor Hellebuyck without a rebound.
0:56 of 2nd period - Elias Lindholm wins face-off versus Robert Thomas in St.Louis Blues zone.
1:09 of 2nd period - Slapshot by Josh Anderson.
1:09 of 2nd period - Stopped by Connor Hellebuyck with a rebound.
1:27 of 2nd period - Wrist shot by Brayden Point.
1:27 of 2nd period - Shot Misses the Net.
1:29 of 2nd period - Snap shot by Mark Stone.
1:29 of 2nd period - Stopped by Ukko-Pekka Luukkonen with a rebound.
2:39 of 2nd period - Icing by Jakob Chychrun.
2:40 of 2nd period - Robert Thomas wins face-off versus Filip Chytil in Dallas Stars zone.
2:45 of 2nd period - Snap shot by Jack Eichel.
2:45 of 2nd period - Stopped by Ukko-Pekka Luukkonen with a rebound.
4:46 of 2nd period - Jack Drury is hit by Jake Guentzel and loses puck.
5:02 of 2nd period - Snap shot by Brayden Point.
5:02 of 2nd period - Stopped by Ukko-Pekka Luukkonen without a rebound.
5:03 of 2nd period - Robert Thomas wins face-off versus Brendan Gallagher in Dallas Stars zone.
5:53 of 2nd period - Snap shot by Alex Iafallo.
5:53 of 2nd period - Shot Blocked by Mikhail Sergachev.
5:55 of 2nd period - Wrist shot by Cam York.
5:55 of 2nd period - Stopped by Connor Hellebuyck with a rebound.
5:57 of 2nd period - Slapshot by Arber Xhekaj.
5:57 of 2nd period - Stopped by Connor Hellebuyck without a rebound.
5:58 of 2nd period - Jack Eichel wins face-off versus Jordan Greenway in St.Louis Blues zone.
5:58 of 2nd period - Jack Eichel is hit by Jordan Greenway.
6:17 of 2nd period - Wrist shot by Filip Chytil.
6:17 of 2nd period - Shot Misses the Net.
6:39 of 2nd period - Snap shot by Filip Chytil.
6:39 of 2nd period - Stopped by Connor Hellebuyck without a rebound.
6:40 of 2nd period - Elias Lindholm wins face-off versus Vincent Trocheck in St.Louis Blues zone.
6:41 of 2nd period - Snap shot by Brendan Gallagher.
6:41 of 2nd period - Deflect By Elias Lindholm.
6:41 of 2nd period - Stopped by Connor Hellebuyck with a rebound.
7:10 of 2nd period - Wrist shot by Nikita Kucherov.
7:10 of 2nd period - Stopped by Ukko-Pekka Luukkonen with a rebound.
7:12 of 2nd period - Slapshot by Artem Zub.
7:12 of 2nd period - Shot Misses the Net.
7:14 of 2nd period - Wrist shot by Nikita Kucherov.
7:14 of 2nd period - Stopped by Ukko-Pekka Luukkonen with a rebound.
7:16 of 2nd period - Snap shot by Jaccob Slavin.
7:16 of 2nd period - Stopped by Ukko-Pekka Luukkonen without a rebound.
7:17 of 2nd period - Elias Lindholm wins face-off versus Mark Stone in Dallas Stars zone.
7:26 of 2nd period - Wrist shot by Brendan Gallagher.
7:26 of 2nd period - Stopped by Connor Hellebuyck with a rebound.
7:28 of 2nd period - Slapshot by Josh Anderson.
7:28 of 2nd period - Deflect By Brendan Gallagher.
7:28 of 2nd period - Stopped by Connor Hellebuyck without a rebound.
7:29 of 2nd period - Elias Lindholm wins face-off versus Robert Thomas in St.Louis Blues zone.
7:44 of 2nd period - Wrist shot by Jack Eichel.
7:44 of 2nd period - Shot Blocked by Trevor van Riemsdyk.
7:46 of 2nd period - Snap shot by Robert Thomas.
7:46 of 2nd period - Stopped by Ukko-Pekka Luukkonen without a rebound.
7:47 of 2nd period - Brayden Point wins face-off versus Jack Drury in Dallas Stars zone.
9:10 of 2nd period - Snap shot by Jake Guentzel.
9:10 of 2nd period - Shot Misses the Net.
9:54 of 2nd period - Slapshot by Vincent Trocheck.
9:54 of 2nd period - Stopped by Ukko-Pekka Luukkonen with a rebound.
9:56 of 2nd period - Snap shot by Brandon Hagel.
9:56 of 2nd period - Stopped by Ukko-Pekka Luukkonen without a rebound.
9:57 of 2nd period - Elias Lindholm wins face-off versus Robert Thomas in Dallas Stars zone.
10:06 of 2nd period - Off-side.
10:07 of 2nd period - Jonatan Berggren wins face-off versus Robert Thomas in neutral zone.
11:02 of 2nd period - Arber Xhekaj is hit by Brayden Point and loses puck.
11:13 of 2nd period - Snap shot by Brayden Point.
11:13 of 2nd period - Stopped by Ukko-Pekka Luukkonen without a rebound.
11:14 of 2nd period - Vincent Trocheck wins face-off versus Jonatan Berggren in Dallas Stars zone.
11:29 of 2nd period - Snap shot by Vincent Trocheck.
11:29 of 2nd period - Deflect By Jakob Chychrun.
11:29 of 2nd period - Shot Misses the Net.
11:29 of 2nd period - Puck is out of play.
11:30 of 2nd period - Brayden Point wins face-off versus Elias Lindholm in Dallas Stars zone.
11:57 of 2nd period - Brendan Gallagher is hit by Alex Tuch and loses puck.
12:40 of 2nd period - Jakob Chychrun is hit by Isac Lundestrom.
12:50 of 2nd period - Wrist shot by Jake Sanderson.
12:50 of 2nd period - Stopped by Ukko-Pekka Luukkonen without a rebound.
12:51 of 2nd period - Robert Thomas wins face-off versus Jonatan Berggren in Dallas Stars zone.
13:07 of 2nd period - Snap shot by Jonatan Berggren.
13:07 of 2nd period - Shot Blocked by Jack Eichel.
13:43 of 2nd period - Vincent Trocheck is hit by Jakob Chychrun and loses puck.
14:18 of 2nd period - Cam York is hit by Nikita Kucherov and loses puck.
14:38 of 2nd period - Off-side.
14:39 of 2nd period - Jack Drury wins face-off versus Vincent Trocheck in neutral zone.
15:16 of 2nd period - Snap shot by Alex Iafallo.
15:16 of 2nd period - Stopped by Connor Hellebuyck with a rebound.
15:54 of 2nd period - Off-side.
15:55 of 2nd period - Robert Thomas wins face-off versus Filip Chytil in neutral zone.
16:22 of 2nd period - Elias Lindholm is hit by Mark Stone and loses puck.
16:53 of 2nd period - Jakob Chychrun is hit by Vincent Trocheck and loses puck.
17:28 of 2nd period - Trevor van Riemsdyk is hit by Colton Parayko and loses puck.
17:33 of 2nd period - Wrist shot by Nikita Kucherov.
17:33 of 2nd period - Shot Blocked by Filip Chytil.
17:35 of 2nd period - Slapshot by Colton Parayko.
17:35 of 2nd period - Stopped by Ukko-Pekka Luukkonen without a rebound.
17:36 of 2nd period - Robert Thomas wins face-off versus Elias Lindholm in Dallas Stars zone.
17:45 of 2nd period - Slapshot by Jack Eichel.
17:45 of 2nd period - Shot Misses the Net.
17:47 of 2nd period - Wrist shot by Nikita Kucherov.
17:47 of 2nd period - Stopped by Ukko-Pekka Luukkonen with a rebound.
18:01 of 2nd period - Brayden Point is hit by Jordan Greenway and loses puck.
18:12 of 2nd period - Slapshot by Mikhail Sergachev.
18:12 of 2nd period - Shot Blocked by Cam York.
18:30 of 2nd period - Vincent Trocheck is hit by Arber Xhekaj.
19:07 of 2nd period - Minor Penalty to Trevor van Riemsdyk for Tripping.
19:08 of 2nd period - Elias Lindholm wins face-off versus Jake Guentzel in Dallas Stars zone.
Goals for this period are 0 for Dallas Stars vs 0 for St.Louis Blues.
Shots for this period are 10 for Dallas Stars vs 14 for St.Louis Blues.

3rd period


0:01 of 3rd period - Elias Lindholm wins face-off versus Jake Guentzel in neutral zone.
0:04 of 3rd period - Snap shot by Josh Anderson.
0:04 of 3rd period - Stopped by Connor Hellebuyck with a rebound.
0:26 of 3rd period - Arber Xhekaj is hit by Brayden Point.
1:07 of 3rd period - Penalty to Trevor van Riemsdyk is over, Trevor van Riemsdyk is back on ice.
1:14 of 3rd period - Filip Chytil is hit by Robert Thomas and loses puck.
1:37 of 3rd period - Slapshot by Dougie Hamilton.
1:37 of 3rd period - Shot Misses the Net.
2:52 of 3rd period - Brandon Tanev is hit by Joel Kiviranta.
3:17 of 3rd period - Jake Guentzel is hit by Arber Xhekaj and loses puck.
3:34 of 3rd period - Wrist shot by Filip Chytil.
3:34 of 3rd period - Stopped by Connor Hellebuyck with a rebound.
3:40 of 3rd period - Jordan Greenway is hit by Alex Tuch and loses puck.
4:06 of 3rd period - Mikhail Sergachev is hit by Dougie Hamilton.
4:16 of 3rd period - Trevor van Riemsdyk is hit by Isac Lundestrom.
4:22 of 3rd period - Slapshot by Jake Sanderson.
4:22 of 3rd period - Shot Blocked by Cam York.
4:34 of 3rd period - Cam York is hit by Artem Zub and loses puck.
4:43 of 3rd period - Mark Stone is hit by Arber Xhekaj.
4:53 of 3rd period - Jake Sanderson is hit by Jonas Siegenthaler and loses puck.
5:00 of 3rd period - Jordan Greenway is hit by Colton Parayko and loses puck.
5:13 of 3rd period - Brendan Gallagher is hit by Logan O'Connor.
5:49 of 3rd period - Dougie Hamilton is hit by Artem Zub and loses puck.
6:08 of 3rd period - Colton Parayko is hit by Trevor van Riemsdyk and loses puck.
6:15 of 3rd period - Jonatan Berggren is hit by Brandon Hagel and loses puck.
6:28 of 3rd period - Dougie Hamilton is hit by Artem Zub and loses puck.
7:11 of 3rd period - Jack Drury is hit by Isac Lundestrom and loses puck.
7:24 of 3rd period - Wrist shot by Isac Lundestrom.
7:24 of 3rd period - Shot Misses the Net.
7:26 of 3rd period - Snap shot by Mikhail Sergachev.
7:26 of 3rd period - Stopped by Ukko-Pekka Luukkonen with a rebound.
7:28 of 3rd period - Slapshot by Artem Zub.
7:28 of 3rd period - Deflect By Isac Lundestrom.
7:28 of 3rd period - Shot Blocked by Philip Tomasino.
7:28 of 3rd period - Puck is out of play.
7:29 of 3rd period - Robert Thomas wins face-off versus Jordan Greenway in Dallas Stars zone.
7:32 of 3rd period - Wrist shot by Robert Thomas.
7:32 of 3rd period - Shot Blocked by Alex Iafallo.
7:34 of 3rd period - Snap shot by Colton Parayko.
7:34 of 3rd period - Deflect By Jakob Chychrun.
7:34 of 3rd period - Stopped by Ukko-Pekka Luukkonen without a rebound.
7:35 of 3rd period - Robert Thomas wins face-off versus Filip Chytil in Dallas Stars zone.
7:42 of 3rd period - Snap shot by Robert Thomas.
7:42 of 3rd period - Stopped by Ukko-Pekka Luukkonen with a rebound.
7:44 of 3rd period - Slapshot by Mikhail Sergachev.
7:44 of 3rd period - Stopped by Ukko-Pekka Luukkonen with a rebound.
8:21 of 3rd period - Snap shot by Elias Lindholm.
8:21 of 3rd period - Stopped by Connor Hellebuyck with a rebound.
10:10 of 3rd period - Colton Parayko is hit by Jack Drury and loses puck.
10:15 of 3rd period - Wrist shot by Jack Drury.
10:15 of 3rd period - Stopped by Connor Hellebuyck without a rebound.
10:16 of 3rd period - Vincent Trocheck wins face-off versus Filip Chytil in St.Louis Blues zone.
10:21 of 3rd period - Slapshot by Vincent Trocheck.
10:21 of 3rd period - Shot Misses the Net.
10:48 of 3rd period - Snap shot by Mark Stone.
10:48 of 3rd period - Stopped by Ukko-Pekka Luukkonen without a rebound.
10:49 of 3rd period - Elias Lindholm wins face-off versus Robert Thomas in Dallas Stars zone.
11:17 of 3rd period - Slapshot by Trevor van Riemsdyk.
11:17 of 3rd period - Stopped by Connor Hellebuyck with a rebound.
11:19 of 3rd period - Snap shot by Jonatan Berggren.
11:19 of 3rd period - Stopped by Connor Hellebuyck with a rebound.
11:21 of 3rd period - Slapshot by Trevor van Riemsdyk.
11:21 of 3rd period - Stopped by Connor Hellebuyck without a rebound.
11:22 of 3rd period - Brayden Point wins face-off versus Jonatan Berggren in St.Louis Blues zone.
11:29 of 3rd period - Wrist shot by Jake Guentzel.
11:29 of 3rd period - Stopped by Ukko-Pekka Luukkonen without a rebound.
11:30 of 3rd period - Mark Stone wins face-off versus Jonatan Berggren in Dallas Stars zone.
11:33 of 3rd period - Snap shot by Brayden Point.
11:33 of 3rd period - Stopped by Ukko-Pekka Luukkonen with a rebound.
11:35 of 3rd period - Wrist shot by Mark Stone.
11:35 of 3rd period - Stopped by Ukko-Pekka Luukkonen without a rebound.
11:36 of 3rd period - Robert Thomas wins face-off versus Jonatan Berggren in Dallas Stars zone.
11:44 of 3rd period - Minor Penalty to Dougie Hamilton for Interference.
11:45 of 3rd period - Jack Eichel wins face-off versus Brendan Gallagher in Dallas Stars zone.
12:25 of 3rd period - Icing by Jack Eichel.
12:26 of 3rd period - Vincent Trocheck wins face-off versus Jordan Martinook in St.Louis Blues zone.
13:05 of 3rd period - Icing by Vincent Trocheck.
13:06 of 3rd period - Elias Lindholm wins face-off versus Vincent Trocheck in St.Louis Blues zone.
13:43 of 3rd period - Elias Lindholm is hit by Vincent Trocheck and loses puck.
13:44 of 3rd period - Penalty to Dougie Hamilton is over, Dougie Hamilton is back on ice.
13:56 of 3rd period - Snap shot by Josh Anderson.
13:56 of 3rd period - Stopped by Connor Hellebuyck with a rebound.
14:04 of 3rd period - Slapshot by Mikhail Sergachev.
14:04 of 3rd period - Deflect By Vincent Trocheck.
14:04 of 3rd period - Stopped by Ukko-Pekka Luukkonen with a rebound.
14:06 of 3rd period - Slapshot by Alex Tuch.
14:06 of 3rd period - Shot Misses the Net.
14:08 of 3rd period - Slapshot by Vincent Trocheck.
14:08 of 3rd period - Deflect By Brandon Hagel.
14:08 of 3rd period - Shot Misses the Net.
14:08 of 3rd period - Puck is out of play.
14:09 of 3rd period - Robert Thomas wins face-off versus Jonatan Berggren in Dallas Stars zone.
14:10 of 3rd period - Snap shot by Nikita Kucherov.
14:10 of 3rd period - Shot Misses the Net.
14:22 of 3rd period - Snap shot by Nikita Kucherov.
14:22 of 3rd period - Stopped by Ukko-Pekka Luukkonen without a rebound.
14:23 of 3rd period - Robert Thomas wins face-off versus Filip Chytil in Dallas Stars zone.
14:57 of 3rd period - Snap shot by Brayden Point.
14:57 of 3rd period - Shot Misses the Net.
15:11 of 3rd period - Wrist shot by Trevor van Riemsdyk.
15:11 of 3rd period - Shot Blocked by Artem Zub.
15:25 of 3rd period - Slapshot by Jakob Chychrun.
15:25 of 3rd period - Shot Misses the Net.
16:09 of 3rd period - Off-side.
16:10 of 3rd period - Filip Chytil wins face-off versus Vincent Trocheck in neutral zone.
16:21 of 3rd period - Wrist shot by Filip Chytil.
16:21 of 3rd period - Stopped by Connor Hellebuyck with a rebound.
16:23 of 3rd period - Snap shot by Jordan Greenway.
16:23 of 3rd period - Shot Misses the Net.
16:25 of 3rd period - Snap shot by Alex Iafallo.
16:25 of 3rd period - Stopped by Connor Hellebuyck without a rebound.
16:26 of 3rd period - Joel Kiviranta wins face-off versus Robert Thomas in St.Louis Blues zone.
16:27 of 3rd period - Snap shot by Philip Tomasino.
16:27 of 3rd period - Shot Blocked by Jack Eichel.
16:29 of 3rd period - Slapshot by Philip Tomasino.
16:29 of 3rd period - Shot Misses the Net.
16:39 of 3rd period - Jake Sanderson is hit by Jack Drury and loses puck.
17:25 of 3rd period - Icing by Josh Anderson.
17:26 of 3rd period - Elias Lindholm wins face-off versus Vincent Trocheck in Dallas Stars zone.
17:31 of 3rd period - Jakob Chychrun is hit by Jaccob Slavin and loses puck.
17:44 of 3rd period - Snap shot by Josh Anderson.
17:44 of 3rd period - Deflect By Brandon Hagel.
17:44 of 3rd period - Goal by Josh Anderson - Dallas Stars : 3 - St.Louis Blues : 2.
17:45 of 3rd period - Vincent Trocheck wins face-off versus Filip Chytil in neutral zone.
17:58 of 3rd period - Backhand shot by Brandon Hagel.
17:58 of 3rd period - Shot Misses the Net.
18:01 of 3rd period - Icing by Trevor van Riemsdyk.
18:02 of 3rd period - Filip Chytil wins face-off versus Robert Thomas in Dallas Stars zone.
18:13 of 3rd period - Snap shot by Robert Thomas.
18:13 of 3rd period - Stopped by Ukko-Pekka Luukkonen with a rebound.
18:35 of 3rd period - St.Louis Blues, Connor Hellebuyck is pulled from the net.
19:01 of 3rd period - Robert Thomas is hit by Josh Anderson and loses puck.
19:10 of 3rd period - Snap shot by Elias Lindholm.
19:10 of 3rd period - Goal by Elias Lindholm - Dallas Stars : 4 - St.Louis Blues : 2.
19:10 of 3rd period - Connor Hellebuyck from St.Louis Blues was sent back in the game.
19:11 of 3rd period - Vincent Trocheck wins face-off versus Filip Chytil in neutral zone.
19:18 of 3rd period - Slapshot by Vincent Trocheck.
19:18 of 3rd period - Stopped by Ukko-Pekka Luukkonen with a rebound.
19:20 of 3rd period - Slapshot by Colton Parayko.
19:20 of 3rd period - Stopped by Ukko-Pekka Luukkonen with a rebound.
19:22 of 3rd period - Snap shot by Vincent Trocheck.
19:22 of 3rd period - Goal by Vincent Trocheck - Dallas Stars : 4 - St.Louis Blues : 3.
19:23 of 3rd period - Robert Thomas wins face-off versus Elias Lindholm in neutral zone.
19:26 of 3rd period - St.Louis Blues, Connor Hellebuyck is pulled from the net.
19:40 of 3rd period - Snap shot by Jack Eichel.
19:40 of 3rd period - Stopped by Ukko-Pekka Luukkonen with a rebound.
19:42 of 3rd period - Wrist shot by Brayden Point.
19:42 of 3rd period - Shot Misses the Net.
19:44 of 3rd period - Snap shot by Jack Eichel.
19:44 of 3rd period - Shot Hit the Post.
19:46 of 3rd period - Snap shot by Brayden Point.
19:46 of 3rd period - Shot Misses the Net.
19:48 of 3rd period - Wrist shot by Nikita Kucherov.
19:48 of 3rd period - Goal by Nikita Kucherov - Dallas Stars : 4 - St.Louis Blues : 4.
19:48 of 3rd period - Connor Hellebuyck from St.Louis Blues was sent back in the game.
19:49 of 3rd period - Filip Chytil wins face-off versus Vincent Trocheck in neutral zone.
Goals for this period are 2 for Dallas Stars vs 2 for St.Louis Blues.
Shots for this period are 12 for Dallas Stars vs 16 for St.Louis Blues.

Overtime #1


0:01 of 1st overtime period - Jack Eichel wins face-off versus Elias Lindholm in neutral zone.
0:25 of 1st overtime period - Trevor van Riemsdyk is hit by Vincent Trocheck and loses puck.
0:40 of 1st overtime period - Trevor van Riemsdyk is hit by Jake Sanderson and loses puck.
Goals for this period are 0 for Dallas Stars vs 0 for St.Louis Blues.
Shots for this period are 0 for Dallas Stars vs 0 for St.Louis Blues.

ShootOut


5:00 of 1st overtime period - Round #1.
5:00 of 1st overtime period - Dallas Stars, Elias Lindholm.
5:00 of 1st overtime period - Snap shot by Elias Lindholm.
5:00 of 1st overtime period - Stopped by Connor Hellebuyck.
5:00 of 1st overtime period - St.Louis Blues, Alex Tuch.
5:00 of 1st overtime period - Backhand shot by Alex Tuch.
5:00 of 1st overtime period - Shot Misses the Net.
5:00 of 1st overtime period - Round #2.
5:00 of 1st overtime period - Dallas Stars, Josh Anderson.
5:00 of 1st overtime period - Snap shot by Josh Anderson.
5:00 of 1st overtime period - Stopped by Connor Hellebuyck.
5:00 of 1st overtime period - St.Louis Blues, Brayden Point.
5:00 of 1st overtime period - Deke by Brayden Point.
5:00 of 1st overtime period - Stopped by Ukko-Pekka Luukkonen.
5:00 of 1st overtime period - Round #3.
5:00 of 1st overtime period - Dallas Stars, Brendan Gallagher.
5:00 of 1st overtime period - Snap shot by Brendan Gallagher.
5:00 of 1st overtime period - Stopped by Connor Hellebuyck.
5:00 of 1st overtime period - St.Louis Blues, Jake Guentzel.
5:00 of 1st overtime period - Backhand shot by Jake Guentzel.
5:00 of 1st overtime period - Shot Misses the Net.
5:00 of 1st overtime period - Round #4.
5:00 of 1st overtime period - Dallas Stars, Jordan Martinook.
5:00 of 1st overtime period - Backhand shot by Jordan Martinook.
5:00 of 1st overtime period - Stopped by Connor Hellebuyck.
5:00 of 1st overtime period - St.Louis Blues, Jack Eichel.
5:00 of 1st overtime period - Backhand shot by Jack Eichel.
5:00 of 1st overtime period - Stopped by Ukko-Pekka Luukkonen.
5:00 of 1st overtime period - Round #5.
5:00 of 1st overtime period - Dallas Stars, Alex Iafallo.
5:00 of 1st overtime period - Deke by Alex Iafallo.
5:00 of 1st overtime period - Stopped by Connor Hellebuyck.
5:00 of 1st overtime period - St.Louis Blues, Nikita Kucherov.
5:00 of 1st overtime period - Snap shot by Nikita Kucherov.
5:00 of 1st overtime period - Stopped by Ukko-Pekka Luukkonen.
5:00 of 1st overtime period - Round #6.
5:00 of 1st overtime period - Dallas Stars, Dougie Hamilton.
5:00 of 1st overtime period - Wrist shot by Dougie Hamilton.
5:00 of 1st overtime period - Goal by Dougie Hamilton.
5:00 of 1st overtime period - St.Louis Blues, Vincent Trocheck.
5:00 of 1st overtime period - Snap shot by Vincent Trocheck.
5:00 of 1st overtime period - Goal by Vincent Trocheck.
5:00 of 1st overtime period - Round #7.
5:00 of 1st overtime period - Dallas Stars, Philip Tomasino.
5:00 of 1st overtime period - Backhand shot by Philip Tomasino.
5:00 of 1st overtime period - Goal by Philip Tomasino.
5:00 of 1st overtime period - St.Louis Blues, Mikhail Sergachev.
5:00 of 1st overtime period - Wrist shot by Mikhail Sergachev.
5:00 of 1st overtime period - Goal by Mikhail Sergachev.
5:00 of 1st overtime period - Round #8.
5:00 of 1st overtime period - Dallas Stars, Jakob Chychrun.
5:00 of 1st overtime period - Wrist shot by Jakob Chychrun.
5:00 of 1st overtime period - Stopped by Connor Hellebuyck.
5:00 of 1st overtime period - St.Louis Blues, Robert Thomas.
5:00 of 1st overtime period - Backhand shot by Robert Thomas.
5:00 of 1st overtime period - Goal by Robert Thomas.